AoeStats
← Chigüiro

Black Forest

509538588Analyzed
4v4 RM · 5d ago on Sep 27, 2026· 51m 2s· 8 players
Game mode
Random Map
Map size
Large (8 player)
Population
200
Speed
Normal
Resources
Standard
Victory
Conquest
Starting age
Dark Age
Ending age
Imperial Age
RankedLock teamsTeams togetherTeam positionsShared explorationLock speedFull tech treeHidden civsTurbo modeCheats
Victory
Defeat
🇹🇼 Goths · Taiwan
1670
+13
🇭🇰 Saxons · Hong Kong SAR China
1510
+19
🇦🇺 Danes · Australia
1504
+19
🇹🇼 Britons · Taiwan
1498
+21
🇨🇷 Persians · Costa Rica
1638
-20
🇧🇷 Danes · Brazil
1613
-19
🇨🇴 Huns · Colombia
1580
-18
🇺🇸 Teutons · United States
1508
-15
Chigüiro
11:24 Feudal Age
15:03 Castle Age
13:14 Double-Bit Axe
13:12 Horse Collar
16:28 Bow Saw
18:15 Loom
20:42 Fletching
22:05 Thumb Ring
22:51 Wheelbarrow
25:05 Heavy Plow
26:08 Bodkin Arrow
29:24 Imperial Age
27:11 Gold Mining
27:35 Padded Archer Armor
28:47 Gold Shaft Mining
29:30 Leather Archer Armor
30:15 Ballistics
30:43 Parthian Tactics
30:39 Husbandry
30:49 Bloodlines
31:55 Chemistry
31:05 Bracer
31:50 Hand Cart
32:04 Conscription
31:49 Heavy Cavalry Archer
31:52 Light Cavalry
33:13 Scale Barding Armor
33:31 Guilds
32:47 Hussar
35:34 Chain Barding Armor
37:43 Plate Barding Armor
39:32 Forging
39:44 Cavalier
Draga
11:17 Feudal Age
14:42 Castle Age
12:30 Double-Bit Axe
13:09 Horse Collar
13:54 Loom
15:22 Bow Saw
15:51 Bow Saw
21:08 Wheelbarrow
20:51 Heavy Plow
23:18 Hand Cart
24:57 Stone Mining
25:53 Gold Mining
30:13 Imperial Age
28:26 Scale Barding Armor
28:31 Forging
28:49 Loom
29:36 Chain Barding Armor
31:01 Iron Casting
30:45 Masonry
30:08 Elite War Elephant
31:47 Plate Barding Armor
34:24 Guilds
34:37 Devotion
35:21 Fletching
36:18 Crop Rotation
37:58 Iron Casting
38:51 Two-Man Saw
38:44 Conscription
40:40 Blast Furnace
40:40 Bodkin Arrow
41:06 Caravan
49:18 Husbandry
49:28 Bloodlines
GAX | Nuno
1:21 Loom
11:34 Feudal Age
16:30 Castle Age
15:17 Double-Bit Axe
15:52 Horse Collar
21:20 Bow Saw
23:08 Wheelbarrow
25:20 Heavy Plow
27:34 Hand Cart
27:05 Town Watch
27:30 Padded Archer Armor
27:20 Fletching
28:46 Gold Mining
28:36 Elite Skirmisher
29:56 Masonry
33:30 Imperial Age
31:38 Bodkin Arrow
32:11 Ballistics
34:21 Bracer
35:29 Chemistry
35:15 Leather Archer Armor
36:43 Thumb Ring
35:59 Cranequins
38:20 Capped Ram
39:34 Siege Ram
40:08 Heavy Mounted Crossbowman
41:31 Conscription
43:23 Ring Archer Armor
42:59 Scale Barding Armor
43:05 Forging
43:44 Elite Jomsviking
44:29 Scale Mail Armor
46:35 Chain Mail Armor
46:55 Iron Casting
46:01 Hamask
49:32 Plate Mail Armor
50:02 Blast Furnace
Danilo Solari
6:17 Loom
8:36 Feudal Age
10:34 Fletching
14:41 Town Watch
24:41 Castle Age
22:33 Horse Collar
22:42 Double-Bit Axe
25:02 Wheelbarrow
24:44 Gold Mining
24:45 Stone Mining
26:13 Bow Saw
27:29 Hand Cart
31:23 Heavy Plow
32:54 Heresy
34:08 Bodkin Arrow
37:31 Imperial Age
37:03 Ironclad
36:26 Elite Skirmisher
37:35 Padded Archer Armor
39:24 Leather Archer Armor
39:32 Ballistics
47:13 Cavalier
48:05 Bloodlines
50:04 Forging
49:59 Scale Barding Armor
51:21 Iron Casting
鼠條
0:40 Loom
11:47 Feudal Age
15:21 Castle Age
15:32 Double-Bit Axe
17:00 Horse Collar
19:41 Wheelbarrow
23:32 Hand Cart
24:30 Bow Saw
24:20 Stone Mining
25:20 Heavy Plow
25:48 Gold Mining
26:35 Stone Shaft Mining
30:58 Imperial Age
30:10 Padded Archer Armor
32:54 Chemistry
31:45 Treadmill Crane
32:35 Conscription
33:05 Perfusion
33:06 Anarchy
34:20 Leather Archer Armor
34:17 Town Watch
37:52 Scale Mail Armor
38:23 Ring Archer Armor
38:04 Forging
37:51 Elite Huskarl
39:12 Squires
39:29 Chain Mail Armor
42:03 Iron Casting
42:44 Ballistics
43:57 Blast Furnace
44:15 Crop Rotation
43:40 Pikeman
44:12 Halberdier
49:43 Coinage
onon02122
10:37 Feudal Age
12:10 Double-Bit Axe
14:32 Castle Age
12:31 Horse Collar
17:31 Bow Saw
18:39 Gold Mining
22:37 Gold Shaft Mining
23:19 Wheelbarrow
23:41 Stone Mining
28:31 Imperial Age
26:25 Hand Cart
26:46 Squires
26:56 Scale Mail Armor
27:06 Forging
27:02 Gambesons
27:54 Chain Mail Armor
27:39 Arson
28:12 Loom
29:05 Iron Casting
29:55 Plate Mail Armor
30:41 Town Watch
31:00 Heavy Plow
30:43 Pikeman
30:55 Elite Varangian Guard
32:15 Conscription
33:27 Masonry
33:04 Halberdier
34:40 Shield Wall
34:50 Sappers
36:02 Man-at-Arms
39:31 Fletching
39:56 Town Patrol
51:01 Capped Ram
(3A) Lü Bu king
0:49 Loom
11:40 Feudal Age
11:48 Man-at-Arms
12:51 Double-Bit Axe
13:05 Arson
14:27 Horse Collar
18:39 Wheelbarrow
21:48 Castle Age
21:57 Gold Mining
22:51 Bow Saw
23:55 Fletching
27:09 Imperial Age
25:14 Bodkin Arrow
27:03 Ballistics
27:03 Stone Mining
28:23 Bracer
30:39 Chemistry
35:08 Block Printing
35:20 Illumination
36:04 Illumination
Mau5
10:44 Feudal Age
14:49 Castle Age
12:38 Double-Bit Axe
12:36 Horse Collar
15:57 Bow Saw
17:38 Loom
25:16 Wheelbarrow
25:00 Gold Mining
25:34 Stone Mining
25:51 Heavy Plow
30:00 Imperial Age
27:58 Scale Mail Armor
28:43 Forging
30:28 Squires
30:14 Arson
30:44 Chain Mail Armor
31:05 Iron Casting
30:10 Elite Jomsviking
31:11 Conscription
30:28 Onager
31:46 Siege Engineers
32:45 Plate Mail Armor
32:15 Northmen's Fury
33:25 Siege Onager
37:44 Blast Furnace
39:09 Fletching
39:31 Masonry
39:42 Ballistics
40:23 Chemistry
39:45 Ballistics
39:37 Masonry
43:13 Coinage
44:44 Banking
45:34 Hand Cart
Connection lost

Rejoining the realm…

Still unreachable

The connection could not be restored.

Session expired

The server has moved on; the page needs a fresh start.